 Dungeon Crawl Stone Soup version 0.27.0-1-g7a089689b8 (webtiles) character file.

Game seed: 13368295985789709470

6352 EnegeticOcto the Basher (level 10, 81/92 HPs)
             Began as a Deep Dwarf Fighter on Aug 2, 2021.
             Was a Believer of Makhleb.
             Quit the game on level 10 of the Dungeon.
             The game lasted 00:03:37 (5944 turns).

EnegeticOcto the Basher (Deep Dwarf Fighter)        Turns: 5944, Time: 00:03:38

Health: 81/92      AC: 17    Str: 28    XL:     10   Next: 65%
Magic:  12/12      EV:  7    Int: 10    God:    Makhleb [**....]
Gold:   323        SH: 11    Dex:  8    Spells: 9/9 levels left

rFire    . . .     SeeInvis .   l - +8 flail of Indomitability {speed, rElec Str+6 Dex-4}
rCold    . . .     Faith    .   c - +0 kite shield
rNeg     . . .     Spirit   .   g - +0 chain mail
rPois    .         Reflect  .   j - +0 helmet
rElec    +         Harm     .   (no cloak)
rCorr    .         Rampage  .   k - +0 pair of gloves
Will     +....                  G - +2 pair of boots
Stlth    ..........             (no amulet)
HPRegen  0.00/turn              (no ring)
MPRegen  0.13/turn              (no ring)

@: no status effects
A: damage resistance, heal wounds, sense surroundings 2, no regeneration
a: Heal Wounds, Renounce Religion, Minor Destruction


You were on level 10 of the Dungeon.
You worshipped Makhleb.
Makhleb was pleased with you.
You visited 2 branches of the dungeon, and saw 10 of its levels.

You collected 540 gold pieces.
You spent 66 gold pieces at shops.
You paid 151 gold pieces to Gozag.

Inventory:

Hand Weapons
 a - a +0 war axe
 l - the +8 flail of Indomitability (weapon) {speed, rElec Str+6 Dex-4}
   (You found it on level 4 of the Dungeon)

   Attacks with this weapon are significantly faster.
   Str:       It affects your strength (+6).
   Dex:       It affects your dexterity (-4).
   rElec:     It insulates you from electricity.
 J - a +1 war axe of electrocution
Missiles
 K - a curare-tipped dart
 O - a throwing net
Armour
 b - a +0 scale mail
 c - a +0 kite shield (worn)
 g - a +0 chain mail (worn)
 j - a +0 helmet (worn)
 k - a +0 pair of gloves (worn)
 G - a +2 pair of boots (worn)
Jewellery
 r - a ring of protection from fire
 w - a +4 ring of protection
Wands
 y - a wand of polymorph (13)
 B - a wand of digging (5) {@v3}
 E - a wand of paralysis (29)
 I - a wand of iceblast (20) {@v2}
Scrolls
 e - 4 scrolls of identify {@r1}
 f - 3 scrolls of amnesia
 i - 2 scrolls of vulnerability
 m - 3 scrolls of teleportation {@r3}
 n - a scroll of silence
 o - 2 scrolls of fog
 u - 2 scrolls of blinking {unknown}
 z - 2 scrolls of immolation {unknown}
 D - a scroll of noise {unknown}
 F - a scroll of fear {unknown}
 H - 2 scrolls of magic mapping {unknown}
Potions
 d - a potion of might {@q3}
 h - a potion of resistance {@q5}
 p - a potion of degeneration {unknown}
 q - 4 potions of heal wounds {unknown}
 s - 2 potions of magic {unknown}
 t - 3 potions of flight {unknown}
 v - 2 potions of curing {unknown}
 x - a potion of mutation {unknown}
 A - a potion of brilliance {unknown}
 C - a potion of ambrosia {unknown}
 L - a potion of lignification {unknown}
 M - a potion of cancellation {unknown}
 N - 3 potions of haste {unknown}
 P - a potion of attraction {unknown}


   Skills:
 + Level 6.9 Fighting
 - Level 4.0(7.7) Axes
 * Level 9.4(9.7) Maces & Flails
 + Level 8.4 Armour
 + Level 8.4 Shields
 + Level 5.4 Invocations


You had 9 spell levels left.
You didn't know any spells.
Your spell library was empty.

Dungeon Overview and Level Annotations

Branches:
Dungeon (10/15)            Temple (1/1) D:7            Lair (0/6) D:9
    Orc: D:9-12

Altars:
Ashenzari
Cheibriados
Dithmenos
Elyvilon
Fedhas
Gozag
Hepliaklqana
Kikubaaqudgha
Makhleb
Nemelex Xobeh
Okawaru
Qazlal
Ru
Sif Muna
Trog
Uskayaw
Vehumet
Wu Jian
Xom
Yredelemnul
Zin
The Shining One

Shops:
D:4 ?

Annotations:
D:9 3 runed translucent doors, mirkoslavko's ghost, novice MiBe


Innate Abilities, Weirdness & Mutations

You are resistant to damage.
You can heal yourself by infusing magical energy.
You passively map the area around you.
You do not regenerate.


Message History

You block the yak's attack. The yak closely misses you.
You barely miss the yak.
The yak is almost dead.
You block the yak's attack.
You closely miss the yak.
The yak is almost dead.
The yak gores you.
You hit the yak.
You kill the yak!
Makhleb accepts your kill. The yak gores you but does no damage.
The yak closely misses you.
You hit the yak.
The yak is lightly wounded.
The yak barely misses you. x2
You sock the yak!
The yak is heavily wounded.
You block the yak's attack. The yak gores you but does no damage.
You sock the yak!
The yak is severely wounded.
The yak gores you but does no damage.
You hit the yak.
The yak is almost dead.
You block the yak's attack.
You barely miss the yak.
The yak is almost dead.
The yak snorts and paws the ground.
The yak gores you but does no damage. The yak barely misses you.
You hit the yak.
The yak is almost dead.
The yak gores you but does no damage. You block the yak's attack.
You sock the yak!
You kill the yak!
Makhleb accepts your kill.
You feel better. You block the yak's attack.
You hit the yak.
The yak is lightly wounded.
You sock the yak!
The yak is moderately wounded.
The yak barely misses you.
Your shield prevents you from hitting the yak.
The yak is moderately wounded.
The yak gores you.
You bludgeon the yak!!
The yak is almost dead.
You block the yak's attack.
You hit the yak.
The yak is almost dead.
You sock the yak!
You kill the yak!
Makhleb accepts your kill.
Gozag seems mollified.
No target in view!
No target in view!
Magic restored.
You open the door.
Found a ring mail.
There is an open door here.
s - 2 sapphire potions (gained 1)
You open the door.
An acid dragon comes into view.
The acid dragon roars!
An acid dragon is nearby!
An acid dragon is nearby!
An acid dragon is nearby!
An acid dragon is nearby!
An acid dragon is nearby!
An acid dragon is nearby!
There's nothing to open nearby.
There is an open door here.
You hit the acid dragon.
The acid dragon is lightly wounded.
The acid dragon spits acid at you. The splash of acid hits you.
You are splashed with acid!
You thump the acid dragon!
The acid dragon is moderately wounded.
You hit the acid dragon.
The acid dragon is heavily wounded.
You block the acid dragon's attack.
The acid dragon claws you but does no damage.
You thump the acid dragon!
The acid dragon is almost dead.
You block the acid dragon's attack.
The acid dragon claws you but does no damage.
You hit the acid dragon.
You kill the acid dragon!
Makhleb accepts your kill.
You feel better.
The acid dragon scales are intact enough to wear.
No target in view!
No target in view!
No target in view!
No target in view!
No target in view!
No target in view!
No target in view!
No target in view!
No target in view!
Things that are here:
+0 acid dragon scales; an acid dragon corpse Are you sure you want to abandon this character and quit the game? (Confirm with "yes".)

#.##.#....#...##...#.#...
#....#....#...##...#.#...
#....######...>......####
#....##############......
#....#......# #......
#....#......# #......
#....#......# #......
#....#......# #......
#....#..@...# #......
#....###'####### #......
#............... *#######
#...###.......##
#...###.......##, ##
#...............,* ###.
#.......##############...
#.#####.# #..........≈.
#.#####.# #..........≈.


There were no monsters in sight!

Vanquished Creatures
  A troll (D:10)
  9 yaks
  A wyvern (D:9)
  A wraith (D:10)
  2 vampire mosquitoes (D:10)
  3 wargs (D:9)
  An acid dragon (D:10)
  2 water moccasins
  2 orc warriors
  A black bear (D:6)
  Duvessa (D:6)
  A sky beast (D:8)
  2 ice beasts (D:6)
  A necrophage (D:6)
  3 ogres
  4 centaurs
  A kobold brigand (D:8)
  2 wyvern zombies (D:7)
  4 bullfrogs
  2 gnoll sergeants (D:10)
  Dowan (D:6)
  A wyvern skeleton (D:5)
  4 killer bees (D:9)
  6 wights (D:9)
  6 howler monkeys
  2 centaur zombies
  A bullfrog zombie (D:5)
  2 jellies (D:6)
  A centaur skeleton (D:6)
  5 orc priests
  2 hounds (D:4)
  A bullfrog skeleton (D:7)
  4 iguanas
  5 orc wizards
  2 killer bee zombies
  A hound skeleton (D:4)
  Robin (D:4)
  14 gnolls
  A howler monkey skeleton (D:6)
  7 adders
  2 white imps
  A worm (D:2)
  A dart slug (D:1)
  17 orcs
  5 endoplasms
  6 giant cockroaches
  6 hobgoblins
  7 jackals (D:1)
  7 quokkas
  4 ball pythons
  A frilled lizard (D:2)
  12 goblins
  15 kobolds
  3 rats
198 creatures vanquished.

Notes
Turn   | Place    | Note
-------+----------+-------------------------------------------
     0 | D:1      | EnegeticOcto the Deep Dwarf Fighter began the quest for the
                  | Orb.
     0 | D:1      | Reached XP level 1. HP: 20/20 MP: 1/1
    74 | D:1      | Reached XP level 2. HP: 18/27 MP: 2/2
   281 | D:1      | Reached XP level 3. HP: 31/33 MP: 3/3
   794 | D:2      | Reached XP level 4. HP: 41/42 MP: 4/4
   907 | D:2      | You fall into a shaft and drop 2 floors!
  1045 | D:4      | Reached XP level 5. HP: 41/49 MP: 5/5
  1202 | D:4      | Identified the +8 flail of Indomitability {speed, rElec
                  | Str+6 Dex-4}
  1263 | D:4      | Noticed Robin
  1275 | D:4      | Killed Robin
  1319 | D:4      | Reached skill level 1 in Maces & Flails
  1320 | D:4      | Noticed an ogre
  1332 | D:4      | Killed an ogre
  1333 | D:4      | Reached skill level 2 in Maces & Flails
  1333 | D:4      | Reached XP level 6. HP: 36/57 MP: 6/6
  1368 | D:4      | Found Macwovit's Magic Scroll Shop.
  1401 | D:4      | Bought a scroll of fog for 22 gold pieces
  1401 | D:4      | Bought a scroll of identify for 22 gold pieces
  1401 | D:4      | Bought a scroll of identify for 22 gold pieces
  1767 | D:5      | Entered Level 5 of the Dungeon
  1848 | D:5      | Reached skill level 3 in Maces & Flails
  1848 | D:5      | Reached XP level 7. HP: 47/64 MP: 7/7
  1954 | D:5      | Reached skill level 5 in Shields
  1966 | D:5      | Reached skill level 5 in Armour
  2557 | D:6      | Reached skill level 4 in Maces & Flails
  2599 | D:6      | Noticed Duvessa
  2600 | D:6      | Noticed Dowan
  2605 | D:6      | Killed Duvessa
  2606 | D:6      | Reached XP level 8. HP: 61/73 MP: 8/8
  2619 | D:6      | Killed Dowan
  2653 | D:6      | Reached skill level 5 in Maces & Flails
  2711 | D:6      | Reached skill level 5 in Fighting
  2972 | D:7      | Reached skill level 6 in Maces & Flails
  3010 | D:7      | You fall into a shaft and drop 2 floors!
  3057 | D:9      | Found a staircase to the Lair.
  3088 | D:9      | Gained mutation: You passively map the area around you.
                  | [Deep Dwarf growth]
  3088 | D:9      | Reached XP level 9. HP: 75/81 MP: 9/9
  3185 | D:7      | Found a staircase to the Ecumenical Temple.
  3191 | D:7      | Reached skill level 7 in Maces & Flails
  3202 | Temple   | Entered the Ecumenical Temple
  3234 | Temple   | Became a worshipper of Gozag Ym Sagoz the Greedy
  3235 | Temple   | Fell from the grace of Gozag
  3246 | Temple   | Became a worshipper of Makhleb the Destroyer
  3450 | D:7      | Found a hazy altar of Hepliaklqana.
  3452 | D:7      | Found a shadowy altar of Dithmenos.
  3510 | D:7      | Reached skill level 1 in Invocations
  4080 | D:8      | Found a radiant altar of Vehumet.
  4080 | D:8      | Found a sacrificial altar of Ru.
  4080 | D:8      | Found a glowing silver altar of Zin.
  4080 | D:8      | Found a shimmering altar of Xom.
  4086 | D:8      | Found a glowing golden altar of the Shining One.
  4086 | D:8      | Found a broken altar of Ashenzari.
  4362 | D:9      | Noticed a spectral centaur warrior
  4396 | D:9      | Reached * piety under Makhleb
  4430 | D:9      | Reached skill level 8 in Maces & Flails
  4533 | D:9      | Found a basalt altar of Yredelemnul.
  4533 | D:9      | Found an iron altar of Okawaru.
  4611 | D:9      | Reached XP level 10. HP: 85/92 MP: 11/11
  4853 | D:9      | Noticed a spectral centaur warrior
  4854 | D:9      | Found a runed translucent gate.
  4854 | D:9      | Found a runed translucent gate.
  4854 | D:9      | Noticed a spectral centaur warrior
  4854 | D:9      | Noticed mirkoslavko's ghost (novice MiBe)
  4855 | D:9      | Found a runed translucent gate.
  5134 | D:10     | Entered Level 10 of the Dungeon
  5662 | D:10     | Reached ** piety under Makhleb
  5674 | D:10     | Reached skill level 9 in Maces & Flails
  5830 | D:10     | Reached skill level 5 in Invocations
  5863 | D:10     | Was forgiven by Gozag
  5944 | D:10     | Quit the game

Illustrated notes

Levels and vault maps discovered:
D:1:      mrwooster_arrival_arrow, layout_loops_cross, minmay_misc_feat_pillars
D:2:      minmay_roachtagon, layout_rooms, st_stairs_2, minmay_misc_feat_chi,
          minmay_hedge_maze, minmay_stone_trees_small
D:4:      layout_loops_corners, serial_shops, nicolae_shop_waterfront,
          uniq_robin
D:5:      layout_loops_ring, roderic_cross_of_infinity
D:6:      layout_cave_pools, uniq_duvessa
D:7:      layout_basic, riverfiend_overflow_shadow_ancestor,
          minmay_temple_entry_stoned_glass
D:8:      layout_layer_cave, minmay_overflow_temple_hex
D:9:      layout_loops_ring, chequers_temple_overflow_statue_of_worship,
          erik_lair_orcish_takeover, gammafunk_ghost_necromancy
D:10:     layout_stronghold, serial_rivers, chequers_serial_rivers_marsh,
          chequers_serial_rivers_small_a, chequers_serial_rivers_small_b,
          chequers_serial_rivers_micro_c, kennysheep_cross_room
Temple:   minmay_temple_bridge_abc

Skill      XL: |  1  2  3  4  5  6  7  8  9 10 |
---------------+-------------------------------+-----
Axes           | 3 4 |  4.0
Fighting       | 3 4 5 6 |  6.9
Armour         | 4 5 6 7 8 |  8.4
Shields        | 4 5 6 7 8 |  8.4
Maces & Flails | 2 3 4 6 8 9 |  9.4
Invocations    | 3 5 |  5.4

Action                   |  1- 3 |  4- 6 |  7- 9 | 10-12 || total
-------------------------+-------+-------+-------+-------++-------
Melee: War axe           |   114 |    37 |       |       ||   151
       Flail             |       |    57 |   336 |   149 ||   542
Invok: Renounce Religion |       |       |     1 |       ||     1
 Abil: Heal Wounds       |     3 |     1 |    15 |     8 ||    27
  Use: Scroll            |       |     5 |       |       ||     5
Armor: Scale mail        |    44 |       |       |       ||    44
       Chain mail        |    40 |    44 |   208 |    75 ||   367
Dodge: Dodged            |    46 |    18 |   104 |    32 ||   200
Block: Kite shield       |    90 |    38 |   205 |   101 ||   434
